 Dungeon Crawl Stone Soup version 0.24-a0-278-gefa1973 (webtiles) character file.

Game seed: 2153685077905953293

72 MisterFreud the Slasher (level 4, -2/31 HPs)
             Began as an Octopode Fighter on Apr 30, 2019.
             Slain by a goblin
             ... wielding a cursed -1 club
             ... led by Robin
              (6 damage)
             ... on level 2 of the Dungeon.
             The game lasted 00:01:59 (1598 turns).

MisterFreud the Slasher (Octopode Fighter)          Turns: 1598, Time: 00:02:00

Health: -2/31      AC:  1    Str: 15    XL:     4   Next: 26%
Magic:  4/4        EV: 11    Int: 11    God:
Gold:   78         SH:  8    Dex: 11    Spells: 3/3 levels left

rFire    . . .     SeeInvis .   a - +0 long sword
rCold    . . .     Gourm    .   b - +0 shield
rNeg     . . .     Faith    .   (helmet restricted)
rPois    .         Spirit   .   (no amulet)
rElec    .         Reflect  .   (no ring)
rCorr    .         Harm     .   (no ring)
MR       .....                  (no ring)
Stlth    ++........             (no ring)
HPRegen  0.10/turn              (no ring)
MPRegen  0.09/turn              (no ring)
                                (no ring)
                                (no ring)

@: no status effects
A: almost no armour, stealthy swim, amphibious, 8 rings, constrict 8, camouflage
1, gelatinous body 1
a: no special abilities


You were on level 2 of the Dungeon.
You were not hungry.

You visited 1 branch of the dungeon, and saw 2 of its levels.

You collected 78 gold pieces.

Inventory:

Hand Weapons
 a - a +0 long sword (weapon)
Missiles
 f - 41 stones (quivered)
 n - 7 poisoned needles
 p - 21 sling bullets
Armour
 b - a +0 shield (worn)
Scrolls
 g - a scroll of identify {unknown}
 i - 2 scrolls of teleportation {unknown}
 j - 2 scrolls of fog {unknown}
 k - 2 scrolls of random uselessness {unknown}
 m - a scroll of blinking {unknown}
 q - a scroll of amnesia {unknown}
Potions
 c - 2 potions of might
 e - 2 potions of flight {unknown}
 h - a potion of invisibility {unknown}
 l - a potion of heal wounds {unknown}
Comestibles
 d - 7 rations
 o - 5 chunks of flesh


   Skills:
 - Level 3.0 Fighting
 + Level 4.4 Long Blades
 - Level 3.0 Dodging
 - Level 3.0 Shields


You had 3 spell levels left.
You didn't know any spells.
Your spell library was empty.

Dungeon Overview and Level Annotations

Branches:
Dungeon (2/15)

Altars:


Innate Abilities, Weirdness & Mutations

You cannot wear most types of armour.
You are very stealthy in the water. (Stealth+)
You are amphibious.
You can wear up to eight rings at the same time.
You can use your tentacles to constrict eight enemies at once.
Your skin changes colour to match your surroundings (Stealth+).
Your rubbery body absorbs attacks. (AC +1, EV +1)


Message History

Robin barely misses you. You block the goblin's attack.
You hit Robin. You squeeze Robin.
Robin is severely wounded.
You constrict Robin. Robin closely misses you. The goblin misses you.
You barely miss the goblin. Your grab misses the goblin. You constrict Robin.
You kill Robin!
The goblin hits you with a +0 club!
* * * LOW HITPOINT WARNING * * *
The goblin hits you with a cursed -1 club.
* * * LOW HITPOINT WARNING * * *
A goblin comes into view.
You barely miss the goblin.
The goblin shouts!
You grab the goblin. You constrict the goblin.
The goblin hits you but does no damage. You block the goblin's attack.
The goblin barely misses you.
You riposte.
You hit the goblin.
You kill the goblin!
You closely miss the goblin. Your grab misses the goblin.
The goblin hits you with a cursed -1 club.
You die...

#.........###. ###
#.......#..... ..#
#.>.....#..... #.#
###########.## ..# #.#
#.####.########## #.#
#....gg##.......####.#
#g##.#####......#
#@##.##.....#####
#.).....##.##
####.#####.# ###
#.#####.# #..
#.......# #.#
######### #.# #.# #..
###


You could see a hobgoblin and 2 goblins.

Vanquished Creatures
  Robin (D:2)
  An adder (D:2)
  2 worms (D:2)
  A dart slug (D:1)
  A bat (D:1)
  5 giant cockroaches
  11 goblins
  6 hobgoblins (D:2)
  3 jackals
  A frilled lizard (D:2)
  2 kobolds
  7 rats
41 creatures vanquished.

Notes
Turn   | Place    | Note
-------+----------+-------------------------------------------
     0 | D:1      | MisterFreud the Octopode Fighter began the quest for the
                  | Orb.
     0 | D:1      | Reached XP level 1. HP: 16/16 MP: 1/1
   195 | D:1      | Reached XP level 2. HP: 21/21 MP: 2/2
   490 | D:1      | Reached skill level 3 in Long Blades
  1043 | D:2      | Reached XP level 3. HP: 7/26 MP: 3/3
  1479 | D:2      | Reached skill level 4 in Long Blades
  1588 | D:2      | Noticed Robin
  1589 | D:2      | Reached XP level 4. HP: 16/31 MP: 4/4
  1596 | D:2      | Killed Robin
  1598 | D:2      | Slain by a goblin

Levels and vault maps discovered:
D:1:      lemuel_arrival_broad_hall, layout_basic
D:2:      minmay_chambers_of_twos, layout_loops_cross, uniq_robin

Skill      XL: |  1  2  3 |
---------------+----------+-----
Long Blades    | 3 4 |  4.4
Fighting       | |  3.0
Dodging        | |  3.0
Shields        | |  3.0

Action                   |  1- 3 |  4- 6 || total
-------------------------+-------+-------++-------
Melee: Long sword        |    67 |     9 ||    76
       Constrict         |    25 |     4 ||    29
       Tentacles         |    19 |     1 ||    20
 Stab: Sleeping          |     5 |       ||     5
  Eat: Chunk             |     2 |       ||     2
Armor: Skin              |     2 |     1 ||     3
Dodge: Dodged            |    27 |     5 ||    32
Block: Shield            |    28 |     3 ||    31
       Rpst.: Long sword |     8 |     1 ||     9

Table legend:
 A = Non-vault XP
 B = Vault XP
 C = Vault XP percentage of total XP
 D = Non-vault monster count
 E = Vault monster count
 F = Vault count percentage of total count
                 A         B        C        D         E       F
            +---------+---------+-------+---------+---------+-------
      Total |      55 |      49 |  47.1 |      26 |      15 |  36.6
            +---------+---------+-------+---------+---------+-------
        D:1 |      25 |       0 |   0.0 |      14 |       0 |   0.0
        D:2 |      30 |      49 |  62.0 |      12 |      15 |  55.6
            +---------+---------+-------+---------+---------+-------
